 Dungeon Crawl Stone Soup version 0.18-a0-1418-ga86aa8f (webtiles) character file.

186 M4edhros the Insei (level 5, -1/33 HPs)
             Began as an Octopode Artificer on Feb 26, 2016.
             Slain by a kobold
             ... wielding a +0 club
              (2 damage)
             ... on level 3 of the Dungeon.
             The game lasted 00:01:57 (1034 turns).

M4edhros the Insei (Octopode Artificer)             Turns: 1034, Time: 00:01:58

Health: -1/33      AC:  1    Str: 11    XL:     5   Next: 65%
Magic:  0/7        EV: 12    Int: 15    God:
Gold:   35         SH:  0    Dex: 12    Spells: 0 memorised, 4 levels left

rFire  . . .     SeeInvis .       - Unarmed
rCold  . . .     Gourm    .     (no shield)
rNeg   . . .     Faith    .     (helmet restricted)
rPois  .         Spirit   +     j - amulet of guardian spirit
rElec  .         Dismiss  .     (no ring)
rCorr  .         Reflect  .     (no ring)
SustAt .         Harm     .     (no ring)
MR     .....                    (no ring)
Stlth  +++.......               (no ring)
                                (no ring)
                                (no ring)
                                (no ring)

@: lethally poisoned (-1 -> -16), very slightly contaminated, hasted, very
quick, not resistant to hostile enchantments, fairly stealthy
A: almost no armour, amphibious, 8 rings, constrict 8, tentacle spike 1,
camouflage 1, mutation resistance 1, wild magic 1, gelatinous body 1
a: no special abilities


You were on level 3 of the Dungeon.
You were hungry.

You visited 1 branch of the dungeon, and saw 3 of its levels.

You collected 35 gold pieces.

Inventory:

Missiles
 h - 10 steel sling bullets
Jewellery
 j - an amulet of guardian spirit (around mantle)
Wands
 b - a wand of flame (15/48)
 c - a wand of enslavement (15/24)
 d - a wand of random effects (15/48)
Scrolls
 a - a scroll of blinking {unknown}
 e - a scroll of enchant armour {unknown}
 g - a scroll of teleportation {unknown}
 m - a scroll of remove curse {unknown}
 n - a scroll of recharging {unknown}
 o - a scroll of identify {unknown}
 p - a scroll of fog {unknown}
Comestibles
 f - 2 bread rations
 i - a royal jelly
 q - a slice of pizza


   Skills:
 - Level 1.0 Fighting
   Level 1.0 Short Blades
 - Level 2.0 Dodging
 - Level 1.3 Stealth
 + Level 5.2 Unarmed Combat
 - Level 3.2 Evocations


You had 4 spell levels left.
You didn't know any spells.

Dungeon Overview and Level Annotations

Branches:
Dungeon (2/15)

Altars:


Innate Abilities, Weirdness & Mutations

You cannot wear most types of armour.
You are amphibious.
You can wear up to eight rings at the same time.
You can use your tentacles to constrict eight enemies at once.
Your skin changes colour to match your surroundings (Stealth).
Your rubbery body absorbs attacks (AC +1).
One of your tentacles bears a spike.
You are somewhat resistant to further mutation.
Your spells are a little harder to cast, but a little more powerful.


Message History

Your Unarmed Combat skill gained 2 levels and is now at level 5!
You have reached level 4!
You have reached level 5!
You feel stronger.
The kobold shoots a poisoned needle.
The poisoned needle hits you!
You are more poisoned.
* * * LOW HITPOINT WARNING * * *
You feel sick.
The kobold unwields an uncursed blowgun.
The kobold wields an uncursed club.
The kobold hits you with an uncursed club.
* * * LOW HITPOINT WARNING * * *
You miss the kobold. Your grab misses the kobold. You barely miss the kobold.
You grab the kobold.
You pierce the kobold, but do no damage.
You constrict the kobold.
* * * LOW HITPOINT WARNING * * *
You feel sick.
The kobold hits you with an uncursed club.
You die...

.. #.# #o# .# #.# #.#
..#.# #.# #.#.# #.# ..
#.#.############.#
....#.....(...)......#
........##############
...)#.#K# .. # #@# #(#
#)# #.# ..# #.# #.#
#.# #.#


You could see a kobold.

Vanquished Creatures
  An adder (D:2)
  A dart slug (D:1)
  An orc (D:3)
  A giant cockroach (D:1)
  3 goblins
  6 hobgoblins
  3 jackals (D:3)
  7 kobolds
  A quokka (D:3)
  A ball python (D:1)
  7 bats
  2 giant newts
  6 rats
40 creatures vanquished.

Vanquished Creatures (others)
  Sigmund (D:3)
1 creature vanquished.

Grand Total: 41 creatures vanquished

Notes
Turn   | Place    | Note
--------------------------------------------------------------
     0 | D:1      | M4edhros the Octopode Artificer began the quest for the Orb.
     0 | D:1      | Reached XP level 1. HP: 13/13 MP: 3/3
    70 | D:1      | Reached skill level 1 in Unarmed Combat
   121 | D:1      | Reached XP level 2. HP: 11/18 MP: 4/4
   194 | D:1      | Reached skill level 2 in Unarmed Combat
   405 | D:1      | Reached XP level 3. HP: 11/23 MP: 5/5
   729 | D:2      | Reached skill level 3 in Unarmed Combat
   764 | D:2      | You fall through a shaft!
   856 | D:3      | Gained mutation: Your spells are a little harder to cast, but a little more powerful. [potion of mutation]
   856 | D:3      | Gained mutation: One of your tentacles bears a spike. [potion of mutation]
   856 | D:3      | Gained mutation: You are somewhat resistant to further mutation. [potion of mutation]
  1020 | D:3      | Noticed Sigmund
  1031 | D:3      | Killed Sigmund
  1031 | D:3      | Reached skill level 5 in Unarmed Combat
  1031 | D:3      | Reached XP level 4. HP: 4/28 MP: 2/6
  1031 | D:3      | Reached XP level 5. HP: 4/33 MP: 2/7
  1034 | D:3      | HP: 1/33 [poisoned by a kobold]
  1034 | D:3      | Slain by a kobold

Vault maps used:
D:1:      lightli_arrival_flooded_house
D:2:      uniq_terence
D:3:      uniq_sigmund

Skill      XL: |  1  2  3 |
---------------+----------+-----
Unarmed Combat | 1 2 5 |  5.2
Fighting       | |  1.0
Short Blades   | |  1.0
Dodging        | |  2.0
Stealth        | |  1.3
Evocations     | |  3.2

Action                   |  1- 3 |  4- 6 || total
-------------------------+-------+-------++-------
Melee: Unarmed           |    96 |     2 ||    98
  Use: Potion            |     3 |       ||     3
 Stab: Sleeping          |     9 |       ||     9
